 Dungeon Sprint DCSS version 0.22-a0-393-g7f50228948 (webtiles) character file.

530450 Hephaistos the Dwarven Barricade (level 21, -15/268 HPs)
             Began as a Deep Dwarf Fighter on May 3, 2018.
             Was the Champion of Makhleb.
             Killed from afar by Antaeus (38 damage)
             ... with a flash freeze
             ... in the Dungeon (Sprint IX: "|||||||||||||||||||||||||||||").
             The game lasted 00:20:13 (7605 turns).

Hephaistos the Dwarven Barricade (DDFi)             Turns: 7605, Time: 00:20:14

Health: -15/268    AC: 45    Str: 27    XL:     21   Next: 66%
Magic:  29/29      EV: 31    Int: 10    God:    Makhleb [******]
Gold:   786        SH: 38    Dex: 24    Spells: 55/55 levels left

rFire    + + .     SeeInvis +   o - +8 demon blade "Leech" {vamp, rN+ AC-3 EV-3}
rCold    + + .     Gourm    .   H - +10 large shield of Ignorance {rN+ Int-4}
rNeg     + + +     Faith    .   W - +10 gold dragon scales
rPois    +         Spirit   .   L - +0 helmet {SInv}
rElec    +         Reflect  .   T - +2 cloak
rCorr    .         Harm     +   G - +1 pair of gloves {Str+3}
MR       ++++.     NoTele   +   A - +0 pair of boots "Ypteudd" {+Inv rElec Regen+ Str-4}
Stlth    +++.......             t - amulet of harm
HPRegen  0.00/turn              B - ring of protection from cold
MPRegen  0.21/turn              y - ring of protection from fire

@: mighty, brilliant, agile, lethally poisoned (-15 -> -15), non-regenerating,
slowed, silenced, very slow
A: damage resistance, heal wounds, repulsion field 1, see invisible, magic
resistance 1, negative energy resistance 1, sense surroundings 3, robust 1,
evolution 1, sturdy frame 1, no regeneration
}: 9/15 runes: decaying, serpentine, barnacled, slimy, elven, silver, golden,
abyssal, gossamer
a: Heal Wounds, Renounce Religion, Evoke Invisibility


You were in the Dungeon.
You worshipped Makhleb.
Makhleb was exalted by your worship.
You were not hungry.

You visited 1 branch You collected 1906 gold pieces.
You spent 1120 gold pieces at shops.

Inventory:

Hand Weapons
 o - the +8 demon blade "Leech" (weapon) {vamp, rN+ AC-3 EV-3}
   (You found it in the Dungeon)

   It inflicts no extra harm, but heals its wielder when it wounds a living foe.
   It affects your AC (-3).
   It affects your evasion (-3).
   It protects you from negative energy.
 S - the +5 demon blade of True Grit {flame, Str+2}
   (You found it in the Dungeon)

   It has been specially enchanted to burn those struck by it, causing extra
   injury to most foes and up to half again as much damage against particularly
   susceptible opponents.
   Big, fiery blades are also staple armaments of hydra-hunters.
   It affects your strength (+2).
Armour
 x - a +0 cloak
 A - the +0 pair of boots "Ypteudd" (worn) {+Inv rElec Regen+ Str-4}
   (You found it in the Dungeon)

   It affects your strength (-4).
   It insulates you from electricity.
   It lets you turn invisible.
   It increases your rate of regeneration.
 E - a +1 helmet
 G - a +1 pair of gloves of strength (worn)
 H - the +10 large shield of Ignorance (worn) {rN+ Int-4}
   (You found it in the Dungeon)

   It affects your intelligence (-4).
   It protects you from negative energy.
 I - a +3 plate armour of poison resistance
 L - a +0 helmet of see invisible (worn)
 T - a +2 cloak (worn)
 U - a +6 plate armour
 W - +10 gold dragon scales (worn)
Jewellery
 r - a +4 ring of protection
 t - an amulet of harm (around neck)
 w - a +4 ring of evasion
 y - a ring of protection from fire (right hand)
 B - a ring of protection from cold (left hand)
 C - an uncursed ring of protection from fire
 F - an uncursed ring of positive energy {unknown}
 K - an uncursed ring of wizardry {unknown}
 N - a +3 ring of slaying
 O - the ring of the Illusory Beggars {+Blink rC+ EV+3}
   (You found it in the Dungeon)

   [ring of evasion]

   It affects your evasion (+3).
   It protects you from cold.
   It lets you blink.
 P - the ring "Cieffor" {rC+ Dex+2}
   (You found it in the Dungeon)

   [ring of dexterity]

   It affects your dexterity (+2).
   It protects you from cold.
 Q - the ring of Winter {rC+ SInv}
   (You found it in the Dungeon)

   [ring of see invisible]

   It protects you from cold.
   It lets you see invisible.
 R - the ring "Pujopetz" {rF+ Int+3 Dex+4}
   (You found it in the Dungeon)

   [ring of protection from fire]

   It affects your intelligence (+3).
   It affects your dexterity (+4).
   It protects you from fire.
Wands
 n - a wand of acid (10)
Scrolls
 a - a scroll of fog
 b - 12 scrolls of enchant weapon
 f - 5 scrolls of fear
 k - 4 scrolls of blinking
 l - 10 scrolls of remove curse
 m - 3 scrolls of amnesia
 s - 3 scrolls of identify
Potions
 c - 2 potions of berserk rage
 d - a potion of might
 e - 11 potions of curing
 g - 9 potions of heal wounds
 h - 13 potions of haste
 i - 4 potions of magic
 j - a potion of invisibility
 p - a potion of agility
 v - a potion of mutation
 z - 4 potions of brilliance
 D - a potion of ambrosia
 M - a potion of degeneration
Comestibles
 u - 11 rations


   Skills:
 O Level 27 Fighting
 O Level 27 Long Blades
 + Level 19.1 Throwing
 O Level 27 Armour
 O Level 27 Dodging
 + Level 25.2 Stealth
 O Level 27 Shields
 O Level 27 Unarmed Combat
 + Level 17.8 Spellcasting
 O Level 27 Invocations
 + Level 25.2 Evocations


You had 55 spell levels left.
You didn't know any spells.

Dungeon Overview and Level Annotations

Branches:
Dungeon (1/1)

Altars:
Cheibriados
Dithmenos
Elyvilon
Fedhas
Gozag
Hepliaklqana
Kikubaaqudgha
Makhleb
Nemelex Xobeh
Okawaru
Qazlal
Ru
Sif Muna
Trog
Uskayaw
Vehumet
Wu Jian
Xom
Yredelemnul
Zin
The Shining One
Beogh
Jiyva
Lugonu

Shops:
D %(!*

Annotations:
D Antaeus, Ereshkigal, Gloorx Vloq, Mnoleg


Innate Abilities, Weirdness & Mutations

You are resistant to damage.
You can heal yourself by infusing magical energy.
You resist negative energy. (rN+)
You passively map a large area around you.
You do not regenerate.
You are surrounded by a mild repulsion field. (EV +2)
You have supernaturally acute eyesight. (SInv)
You are resistant to hostile enchantments. (MR+)
You are robust. (+10% HP)
You evolve.
Your movements are slightly less encumbered by armour. (ER -2)


Message History

You block Antaeus's attack. x2
Mnoleg calls on the powers of chaos!
The Executioner blinks!
Gloorx Vloq seems to speed up.
Antaeus gestures at you. The bolt of lightning misses you.
The Executioner gestures.
The Executioner seems to speed up.
Mnoleg gestures.
You block Antaeus's attack. Antaeus hits you but does no damage.
You feel much better.
Antaeus is no longer unusually agile.
Gloorx Vloq calls on the powers of darkness!
Your body is wracked with pain!
* * * LOW HITPOINT WARNING * * *
Gloorx Vloq calls on the powers of darkness!
Your body is wracked with pain!
* * * LOW HITPOINT WARNING * * *
Gloorx Vloq gestures.
Ereshkigal gestures.
Mnoleg gestures.
Antaeus gestures at you. The flash freeze hits you! You partially resist.
You die...

.▓.▓.▓.▓.▓.▓.▓.▓,*
.▓.▓.▓.▓.▓.▓†▓.▓.▓
.▓.▓'▓.▓.▓.▓.▓.▓1▓
.▓.▓.▓.▓.▓.▓'▓.▓1▓
.▓.▓.▓.▓.▓.▓.▓.▓&▓
.▓.▓.▓.▓.▓.▓.▓.▓&▓
.▓.▓.▓.▓.▓.▓.▓.▓&▓
.▓.▓.▓.▓.▓.▓.▓.▓C▓
[▓.▓.▓.▓.▓.▓.▓.▓@▓
'▓.▓.▓.▓.▓.▓.▓.▓'▓
)▓.▓.▓.▓'▓.▓.▓.▓.▓
.▓.▓.▓.▓.▓.▓.▓.▓.▓
.▓.▓.▓.▓.▓.▓.▓.▓.▓
.▓.▓[▓.▓.▓.▓'▓.▓.▓
.▓.▓[▓.▓.▓.▓.▓.▓.▓
)▓.▓.▓.▓.▓.▓.▓.▓.▓
)▓.▓.▓.▓.▓.▓.▓.▓.▓


You could see Antaeus (inner flame), Gloorx Vloq, Ereshkigal, Mnoleg and 2
Executioners.

Vanquished Creatures
  the Royal Jelly (D)
  3 orbs of fire (D)
  Mara (D)
  A juggernaut (D)
  Mennas (D)
  3 ancient liches (D)
  Sojobo (D)
  7 greater mummies (D)
  Margery (D)
  Xtahua (D)
  A Killer Klown (D)
  3 golden dragons (D)
  4 bone dragons (D)
  Nikola (D)
  Geryon (D)
  3 electric golems (D)
  Rupert (D)
  2 liches (D)
  2 tentacled monstrosities (D)
  5 deep elf blademasters (D)
  28 Orb Guardians (D)
  4 quicksilver dragons (D)
  A deep elf master archer (D)
  7 acid blobs (D)
  2 death cobs (D)
  6 shadow dragons (D)
  12 sphinxes (D)
  Agnes (D)
  5 storm dragons (D)
  Kirke (D)
  A tengu reaver (D)
  A thorn hunter (D)
  Ilsuiw (D)
  A draconian monk (D)
  6 nagarajas (D)
  5 azure jellies (D)
  4 fire giants (D)
  3 ghost moths (D)
  4 frost giants (D)
  Aizul (D)
  A draconian knight (D)
  4 emperor scorpions (D)
  3 draconian stormcallers (D)
  2 draconian scorchers (D)
  Louise (D)
  3 very ugly things (D)
  4 ironheart preservers (D)
  2 draconian annihilators (D)
  Azrael (D)
  Nessos (D)
  5 green draconians (D)
  3 stone giants (D)
  3 purple draconians (D)
  3 deep elf annihilators (D)
  A deep elf demonologist (D)
  9 vampire knights (D)
  A yellow draconian (D)
  2 black draconians (D)
  2 red draconians (D)
  4 white draconians (D)
  An ettin (D)
  2 merfolk impalers (D)
  6 merfolk javelineers (D)
  2 deep elf death magi (D)
  Snorg (D)
  8 death oozes (D)
  A mummy priest (D)
  2 great orbs of eyes (D)
  7 fire dragons (D)
  3 yaktaur captains (D)
  8 hydras (D)
  7 ice dragons (D)
  25 vault guards (D)
  2 deep elf high priests (D)
  A rakshasa (D)
  Harold (D)
  4 naga warriors (D)
  A centaur warrior (D)
  A death knight (D)
  3 merfolk avatars (D)
  3 ogre magi (D)
  A deep troll shaman (D)
  A ghost crab (D)
  2 merfolk aquamancers (D)
  3 two-headed ogres (D)
  2 deep troll earth magi (D)
  A vampire mage (D)
  A naga sharpshooter (D)
  A deep elf knight (D)
  A fire crab (shapeshifter) (D)
  A shock serpent (D)
  An orc high priest (D)
  5 hell knights (D)
  A deep troll (D)
  2 sea snakes (D)
  A wizard (D)
  2 large abominations (D)
  An unseen horror (D)
  2 glowing orange brains (D)
  A glowing orange brain (shapeshifter) (D)
  2 orc knights (D)
  3 swamp dragons (D)
  2 ironbrand convokers (D)
  A harpy (D)
  2 ugly things (D)
  A necromancer (D)
  3 wolf spiders (D)
  9 orc sorcerers (D)
  2 manticores (D)
  11 moths of wrath (D)
  4 black mambas (D)
  3 guardian serpents (D)
  An apocalypse crab (D)
  A vault sentinel (D)
  2 naga magi (D)
  3 spiny frogs (D)
  A rime drake (D)
  2 yaktaurs (D)
  A demonic crawler (D)
  2 freezing wraiths (D)
  3 komodo dragons (D)
  20 guardian mummies (D)
  3 merfolk (D)
  A wandering mushroom (D)
  A queen bee (shapeshifter) (D)
  4 jumping spiders (D)
  A wind drake (shapeshifter) (D)
  2 hornets (D)
  A blink frog (D)
  3 tyrant leeches (D)
  A dream sheep (D)
  A hippogriff (D)
  2 slime creatures (D)
  A bog body (D)
  A snapping turtle (D)
  A slime creature (shapeshifter) (D)
  2 small abominations (D)
  2 tarantellas (D)
  5 redbacks (D)
  11 spriggans (D)
  A wyvern (D)
  A hog (D)
  A ynoxinul (D)
  2 fire elementals (D)
  A neqoxec (D)
  3 vampire mosquitoes (D)
  3 basilisks (D)
  A naga (D)
  An acid dragon (D)
  4 hell hounds (D)
  4 water moccasins (D)
  4 porcupines (D)
  10 orc warriors (D)
  An ice beast (D)
  A swamp drake (D)
  2 sky beasts (D)
  3 eyes of draining (D)
  An ogre (D)
  An eye of draining (shapeshifter) (D)
  A centaur (D)
  A wolf (shapeshifter) (D)
  A crocodile (D)
  A big kobold (D)
  3 bullfrogs (D)
  A scorpion (D)
  3 crimson imps (D)
  A quasit (D)
  5 orc priests (D)
  7 orc wizards (D)
  A worker ant (D)
  A white imp (D)
  2 ufetubi (D)
  An ooze (D)
  A leopard gecko (D)
  5 orcs (D)
  A giant cockroach (D)
  A goblin (D)
  A hobgoblin (D)
  2 frilled lizards (D)
  A giant cockroach zombie (D)
  A leopard gecko zombie (D)
520 creatures vanquished.

Vanquished Creatures (others)
  A thorn hunter (D)
  A tengu reaver (D)
  A spriggan druid (D)
  A slime creature (D)
  A golden eye (D)
  A human (D)
  A swamp drake (D)
  3 briar patches (D)
10 creatures vanquished.

Grand Total: 530 creatures vanquished

Notes
Turn   | Place    | Note
-------+----------+-------------------------------------------
     0 | D        | Hephaistos the Deep Dwarf Fighter began the quest for the Orb.
     0 | D        | Reached XP level 1. HP: 20/20 MP: 1/1
    16 | D        | Reached XP level 2. HP: 27/27 MP: 2/2
    23 | D        | Noticed a scorpion
    23 | D        | Noticed an ogre
    23 | D        | Noticed a centaur
    28 | D        | Killed a centaur
    28 | D        | Reached XP level 3. HP: 33/33 MP: 3/3
    28 | D        | Reached XP level 4. HP: 40/40 MP: 4/4
    36 | D        | Killed an ogre
    36 | D        | Reached skill level 10 in Long Blades
    36 | D        | Reached XP level 5. HP: 46/46 MP: 5/5
    61 | D        | Found a roughly hewn altar of Beogh.
    61 | D        | Found a snail-covered altar of Cheibriados.
    61 | D        | Found a shadowy altar of Dithmenos.
    61 | D        | Found a white marble altar of Elyvilon.
    61 | D        | Found a blossoming altar of Fedhas.
    61 | D        | Found an opulent altar of Gozag.
    62 | D        | Found a hazy altar of Hepliaklqana.
    63 | D        | Found a viscous altar of Jiyva.
    64 | D        | Found an ancient bone altar of Kikubaaqudgha.
    65 | D        | Found a corrupted altar of Lugonu.
    66 | D        | Found a burning altar of Makhleb.
    67 | D        | Found a sparkling altar of Nemelex Xobeh.
    68 | D        | Found an iron altar of Okawaru.
    69 | D        | Found a stormy altar of Qazlal.
    70 | D        | Found a sacrificial altar of Ru.
    71 | D        | Found a deep blue altar of Sif Muna.
    72 | D        | Found a bloodstained altar of Trog.
    73 | D        | Found a hide-covered altar of Uskayaw.
    74 | D        | Found a radiant altar of Vehumet.
    75 | D        | Found an ornate altar of the Wu Jian Council.
    76 | D        | Found a shimmering altar of Xom.
    77 | D        | Found a basalt altar of Yredelemnul.
    78 | D        | Became a worshipper of Ru the Awakened
   179 | D        | Found a glowing silver altar of Zin.
   180 | D        | Found a glowing golden altar of the Shining One.
   190 | D        | Found the +8 demon blade "Leech" {vamp, rN+ AC-3 EV-3}
   235 | D        | Fell from the grace of Ru
   235 | D        | Became a worshipper of Makhleb the Destroyer
   278 | D        | Noticed a two-headed ogre
   278 | D        | Noticed a hippogriff
   278 | D        | Noticed a sky beast
   281 | D        | Killed a sky beast
   281 | D        | Reached XP level 6. HP: 57/57 MP: 6/6
   288 | D        | Killed a hippogriff
   288 | D        | Reached * piety under Makhleb
   288 | D        | Reached skill level 5 in Shields
   288 | D        | Reached XP level 7. HP: 66/66 MP: 7/7
   295 | D        | Killed a two-headed ogre
   295 | D        | Reached skill level 1 in Dodging
   295 | D        | Reached XP level 8. HP: 78/78 MP: 8/8
   299 | D        | Reached ** piety under Makhleb
   307 | D        | Noticed a two-headed ogre
   314 | D        | Killed a two-headed ogre
   324 | D        | Gained mutation: You passively map the area around you. [Deep Dwarf growth]
   324 | D        | Reached XP level 9. HP: 86/86 MP: 9/9
   326 | D        | Reached *** piety under Makhleb
   449 | D        | Noticed a komodo dragon
   452 | D        | Reached **** piety under Makhleb
   452 | D        | Reached skill level 15 in Long Blades
   453 | D        | Noticed a rime drake
   461 | D        | Reached skill level 10 in Armour
   466 | D        | Killed a komodo dragon
   466 | D        | Reached ***** piety under Makhleb
   476 | D        | Killed a rime drake
   490 | D        | Noticed a komodo dragon
   499 | D        | Killed a komodo dragon
   502 | D        | Noticed a komodo dragon
   504 | D        | Reached skill level 10 in Shields
   506 | D        | Reached XP level 10. HP: 99/99 MP: 10/10
   520 | D        | Reached skill level 5 in Dodging
   528 | D        | Reached ****** piety under Makhleb
   547 | D        | Noticed a spiny frog
   547 | D        | Noticed a spiny frog
   554 | D        | Killed a spiny frog
   568 | D        | Killed a spiny frog
   588 | D        | Reached skill level 10 in Fighting
   676 | D        | Noticed Harold
   695 | D        | Killed Harold
   924 | D        | Noticed an orc high priest
   924 | D        | Noticed an orc sorcerer
   925 | D        | Noticed a sixfirhy
   928 | D        | Killed an orc sorcerer
   928 | D        | Reached XP level 11. HP: 110/110 MP: 10/10
   929 | D        | Noticed an ettin
   932 | D        | Noticed an orc knight
   942 | D        | Killed an orc high priest
   952 | D        | Killed an ettin
   974 | D        | Killed an orc knight
  1033 | D        | Found Qayta's Assorted Antiques.
  1033 | D        | Noticed an orc sorcerer
  1033 | D        | Noticed an orc sorcerer
  1033 | D        | Noticed an orc sorcerer
  1034 | D        | Noticed an orc sorcerer
  1048 | D        | Killed an orc sorcerer
  1053 | D        | Killed an orc sorcerer
  1054 | D        | Found Qeuseum's Distillery.
  1060 | D        | Killed an orc sorcerer
  1065 | D        | Found Muolezey's Antique Weapon Boutique.
  1065 | D        | Noticed an orc sorcerer
  1066 | D        | Noticed an orc sorcerer
  1069 | D        | Killed an orc sorcerer
  1070 | D        | Paralysed by an orc sorcerer for 7 turns
  1071 | D        | Noticed an orc sorcerer
  1080 | D        | Killed an orc sorcerer
  1081 | D        | Found Kuchaate's Food Shop.
  1082 | D        | Paralysed by an orc sorcerer for 4 turns
  1090 | D        | Killed an orc sorcerer
  1099 | D        | Paralysed by an orc sorcerer for 4 turns
  1108 | D        | Paralysed by an orc sorcerer for 4 turns
  1119 | D        | Killed an orc sorcerer
  1133 | D        | Noticed an orc sorcerer
  1138 | D        | Killed an orc sorcerer
  1200 | D        | Bought a potion of curing for 36 gold pieces
  1200 | D        | Bought a potion of might for 48 gold pieces
  1200 | D        | Bought a potion of curing for 36 gold pieces
  1200 | D        | Bought 2 potions of agility for 96 gold pieces
  1200 | D        | Bought a potion of agility for 48 gold pieces
  1200 | D        | Bought a potion of curing for 36 gold pieces
  1202 | D        | Bought a potion of haste for 250 gold pieces
  1202 | D        | Bought a potion of haste for 250 gold pieces
  1202 | D        | Bought a thin bronze amulet for 125 gold pieces
  1202 | D        | Bought 2 bubbling pink potions for 45 gold pieces
  1202 | D        | Bought a potion of curing for 75 gold pieces
  1202 | D        | Bought a potion of curing for 75 gold pieces
  1301 | D        | Found the +8 whip "Snakebite" {curare, rPois}
  1388 | D        | Noticed a two-headed ogre
  1394 | D        | Killed a two-headed ogre
  1398 | D        | Noticed a fire dragon
  1403 | D        | Noticed a red very ugly thing
  1405 | D        | Killed an unseen horror
  1409 | D        | Noticed a fire giant
  1416 | D        | Killed a fire dragon
  1416 | D        | Reached XP level 12. HP: 126/126 MP: 11/11
  1419 | D        | Noticed a frost giant
  1423 | D        | Killed a red very ugly thing
  1424 | D        | Noticed a deep troll earth mage
  1428 | D        | Noticed a centaur warrior
  1428 | D        | Killed a fire giant
  1435 | D        | Killed a frost giant
  1440 | D        | Killed a deep troll earth mage
  1440 | D        | Reached skill level 15 in Shields
  1453 | D        | Killed a centaur warrior
  1507 | D        | Noticed Nessos
  1530 | D        | Killed Nessos
  1540 | D        | Noticed Rupert
  1552 | D        | Killed Rupert
  1563 | D        | Noticed Kirke
  1572 | D        | Killed Kirke
  1572 | D        | Reached skill level 15 in Fighting
  1625 | D        | Reached XP level 13. HP: 139/139 MP: 12/12
  1659 | D        | Noticed a nagaraja
  1685 | D        | Killed a nagaraja
  1685 | D        | Reached skill level 15 in Armour
  1717 | D        | Noticed a thorn hunter
  1717 | D        | Noticed a thorn hunter
  1729 | D        | Killed a thorn hunter
  1733 | D        | Killed a thorn hunter
  1761 | D        | Noticed a merfolk impaler
  1804 | D        | Killed a merfolk impaler
  1938 | D        | Noticed Snorg
  1946 | D        | Killed Snorg
  1963 | D        | Noticed Aizul
  1979 | D        | Killed Aizul
  2041 | D        | Noticed a fire dragon
  2042 | D        | Noticed a fire dragon
  2071 | D        | Killed a fire dragon
  2078 | D        | Noticed a frost giant
  2099 | D        | Killed a fire dragon
  2105 | D        | Gained mutation: You resist negative energy. (rN+) [Deep Dwarf growth]
  2105 | D        | Reached XP level 14. HP: 153/153 MP: 0/13
  2124 | D        | Killed a frost giant
  2132 | D        | Noticed a brown very ugly thing
  2154 | D        | Killed a brown very ugly thing
  2179 | D        | Paralysed by a wizard for 5 turns
  2295 | D        | Noticed a frost giant
  2310 | D        | Noticed a white very ugly thing
  2312 | D        | Noticed an ironheart preserver
  2328 | D        | Noticed an ironheart preserver
  2331 | D        | Killed an ironheart preserver
  2336 | D        | Killed a frost giant
  2341 | D        | Noticed an ironheart preserver
  2348 | D        | Paralysed by a floating eye for 4 turns
  2351 | D        | Noticed a fire giant
  2371 | D        | Killed a white very ugly thing
  2377 | D        | Killed an ironheart preserver
  2390 | D        | Killed an ironheart preserver
  2396 | D        | Killed a fire giant
  2478 | D        | Noticed Louise
  2503 | D        | Killed Louise
  2573 | D        | Found the +10 large shield of Ignorance {rN+ Int-4}
  2575 | D        | Got the +0 pair of boots "Ypteudd" {+Inv rElec Regen+ Str-4}
  2712 | D        | Noticed Margery
  2734 | D        | Killed Margery
  2734 | D        | Reached skill level 10 in Dodging
  2751 | D        | Reached XP level 15. HP: 166/166 MP: 14/14
  3056 | D        | Killed a ghost moth
  3098 | D        | Killed a ghost moth
  3103 | D        | Got a gossamer rune of Zot
  3106 | D        | Killed a ghost moth
  3134 | D        | Noticed Ilsuiw
  3191 | D        | Killed Ilsuiw
  3266 | D        | Got a barnacled rune of Zot
  3281 | D        | Noticed a nagaraja
  3284 | D        | Noticed a nagaraja
  3289 | D        | Noticed a nagaraja
  3296 | D        | Killed a nagaraja
  3302 | D        | Killed a nagaraja
  3317 | D        | Noticed a nagaraja
  3329 | D        | Noticed a nagaraja
  3333 | D        | Killed a nagaraja
  3349 | D        | Killed a nagaraja
  3355 | D        | Killed a nagaraja
  3369 | D        | Got a serpentine rune of Zot
  3447 | D        | Reached XP level 16. HP: 182/182 MP: 15/15
  3484 | D        | Got a decaying rune of Zot
  3546 | D        | Noticed Agnes
  3558 | D        | Killed Agnes
  3629 | D        | Reached skill level 27 in Shields
  3853 | D        | Noticed a quicksilver dragon
  3871 | D        | Noticed a lich
  3874 | D        | Killed a quicksilver dragon
  3891 | D        | Killed a lich
  3892 | D        | Noticed a shadow dragon
  3900 | D        | Noticed a shadow dragon
  3915 | D        | Killed a shadow dragon
  3928 | D        | Killed a shadow dragon
  3936 | D        | Paralysed by a great orb of eyes for 3 turns
  3941 | D        | Reached skill level 27 in Long Blades
  3999 | D        | Noticed a shadow dragon
  3999 | D        | Noticed a shadow dragon
  4018 | D        | Killed a shadow dragon
  4022 | D        | Noticed a quicksilver dragon
  4023 | D        | Noticed a shadow dragon
  4052 | D        | Killed a shadow dragon
  4069 | D        | Killed a shadow dragon
  4069 | D        | Reached XP level 17. HP: 202/202 MP: 16/16
  4073 | D        | Killed a quicksilver dragon
  4076 | D        | Got a silver rune of Zot
  4127 | D        | Noticed Mara
  4137 | D        | Noticed Hephaistos's illusion
  4178 | D        | Noticed Hephaistos's illusion
  4236 | D        | Killed Mara
  4326 | D        | Noticed Nikola
  4327 | D        | Noticed Sojobo
  4334 | D        | Killed Nikola
  4338 | D        | Killed Sojobo
  4377 | D        | Got the ring of the Illusory Beggars {+Blink rC+ EV+3}
  4379 | D        | Got the ring "Cieffor" {rC+ Dex+2}
  4381 | D        | Got the ring of Winter {rC+ SInv}
  4383 | D        | Got the ring "Pujopetz" {rF+ Int+3 Dex+4}
  4391 | D        | Got the +5 demon blade of True Grit {flame, Str+2}
  4445 | D        | Gained mutation: You are frail. (-10% HP) [potion of mutation]
  4445 | D        | Gained mutation: You have a pair of small antennae on your head. [potion of mutation]
  4446 | D        | Lost mutation: You have a pair of small antennae on your head. [potion of mutation]
  4446 | D        | Lost mutation: You are frail. (-10% HP) [potion of mutation]
  4446 | D        | Gained mutation: You evolve. [potion of mutation]
  4446 | D        | Gained mutation: Your muscles are strong. (Str +2) [potion of mutation]
  4446 | D        | Gained mutation: Your movements are slightly less encumbered by armour. (ER -2) [potion of mutation]
  4446 | D        | Gained mutation: You are surrounded by a mild repulsion field. (EV +2) [potion of mutation]
  4541 | D        | Noticed Mennas
  4575 | D        | Killed Mennas
  4575 | D        | Reached skill level 27 in Fighting
  4581 | D        | Noticed Azrael
  4594 | D        | Killed Azrael
  4611 | D        | Noticed Xtahua
  4628 | D        | Killed Xtahua
  4677 | D        | Noticed a tentacled monstrosity
  4683 | D        | Noticed a juggernaut
  4702 | D        | Killed a tentacled monstrosity
  4720 | D        | Killed a juggernaut
  4753 | D        | Noticed a bone dragon
  4753 | D        | Noticed a golden dragon
  4753 | D        | Noticed a bone dragon
  4753 | D        | Noticed a bone dragon
  4764 | D        | Killed a bone dragon
  4776 | D        | Killed a bone dragon
  4776 | D        | Reached skill level 15 in Dodging
  4796 | D        | Killed a bone dragon
  4803 | D        | Killed a golden dragon
  4803 | D        | Reached skill level 27 in Armour
  4992 | D        | Gained mutation: You passively map a large area around you. [Deep Dwarf growth]
  4992 | D        | Reached XP level 18. HP: 218/218 MP: 17/17
  5052 | D        | Noticed a tentacled monstrosity
  5080 | D        | Killed a tentacled monstrosity
  5207 | D        | Noticed an electric golem
  5274 | D        | Killed an electric golem
  5274 | D        | Reached skill level 27 in Dodging
  5274 | D        | Reached skill level 5 in Invocations
  5362 | D        | Noticed an Orb Guardian
  5362 | D        | Noticed an Orb Guardian
  5362 | D        | Noticed an Orb Guardian
  5362 | D        | Noticed an Orb Guardian
  5362 | D        | Noticed an Orb Guardian
  5362 | D        | Noticed an Orb Guardian
  5372 | D        | Killed an Orb Guardian
  5372 | D        | Reached skill level 5 in Unarmed Combat
  5373 | D        | Noticed an Orb Guardian
  5379 | D        | Killed an Orb Guardian
  5380 | D        | Noticed an Orb Guardian
  5384 | D        | Killed an Orb Guardian
  5384 | D        | Reached skill level 10 in Invocations
  5385 | D        | Noticed an Orb Guardian
  5393 | D        | Killed an Orb Guardian
  5401 | D        | Killed an Orb Guardian
  5408 | D        | Killed an Orb Guardian
  5408 | D        | Reached skill level 10 in Unarmed Combat
  5418 | D        | Killed an Orb Guardian
  5421 | D        | Killed an Orb Guardian
  5421 | D        | Reached skill level 15 in Invocations
  5425 | D        | Killed an Orb Guardian
  5426 | D        | Noticed an Orb Guardian
  5439 | D        | Killed an Orb Guardian
  5445 | D        | Noticed an electric golem
  5445 | D        | Noticed a golden dragon
  5445 | D        | Noticed an Orb Guardian
  5445 | D        | Noticed an Orb Guardian
  5446 | D        | Noticed an Orb Guardian
  5459 | D        | Noticed an Orb Guardian
  5459 | D        | Killed an Orb Guardian
  5467 | D        | Killed an Orb Guardian
  5476 | D        | Killed a golden dragon
  5476 | D        | Reached XP level 19. HP: 226/226 MP: 31/31
  5498 | D        | Reached skill level 15 in Unarmed Combat
  5504 | D        | Killed an electric golem
  5518 | D        | Noticed an ancient lich
  5543 | D        | Killed an ancient lich
  5549 | D        | Noticed an orb of fire
  5559 | D        | Killed an orb of fire
  5561 | D        | Noticed an electric golem
  5579 | D        | Killed an electric golem
  5584 | D        | Noticed a Killer Klown
  5584 | D        | Noticed an orb of fire
  5588 | D        | Gained mutation: You are resistant to hostile enchantments. (MR+) [evolution]
  5589 | D        | Noticed an orb of fire
  5621 | D        | Killed an orb of fire
  5622 | D        | Noticed a golden dragon
  5622 | D        | Gained mutation: You are frail. (-10% HP) [an orb of fire]
  5632 | D        | Killed an orb of fire
  5633 | D        | Noticed an ancient lich
  5651 | D        | Killed an ancient lich
  5651 | D        | Reached skill level 27 in Invocations
  5692 | D        | Killed a golden dragon
  5696 | D        | Killed a Killer Klown
  5801 | D        | Reached XP level 20. HP: 212/212 MP: 30/36
  5845 | D        | Reached skill level 27 in Unarmed Combat
  5845 | D        | Reached skill level 1 in Throwing
  5845 | D        | Reached skill level 1 in Stealth
  5845 | D        | Reached skill level 1 in Spellcasting
  5845 | D        | Reached skill level 1 in Evocations
  5947 | D        | Reached skill level 5 in Stealth
  5947 | D        | Reached skill level 5 in Evocations
  5950 | D        | Noticed an ancient lich
  5975 | D        | Reached skill level 5 in Throwing
  5986 | D        | Reached skill level 5 in Spellcasting
  6000 | D        | Killed an ancient lich
  6000 | D        | Reached skill level 10 in Stealth
  6000 | D        | Reached skill level 10 in Evocations
  6149 | D        | Reached skill level 10 in Throwing
  6201 | D        | Reached skill level 10 in Spellcasting
  6204 | D        | Reached skill level 15 in Stealth
  6204 | D        | Reached skill level 15 in Evocations
  6213 | D        | Got an elven rune of Zot
  6618 | D        | Noticed the Royal Jelly
  6635 | D        | Killed the Royal Jelly
  6718 | D        | Got a slimy rune of Zot
  6890 | D        | Reached XP level 21. HP: 219/219 MP: 35/35
  6893 | D        | Reached skill level 15 in Throwing
  6957 | D        | Reached skill level 15 in Spellcasting
  7102 | D        | Noticed a greater mummy
  7143 | D        | Killed a greater mummy
  7182 | D        | Noticed a greater mummy
  7182 | D        | Noticed a greater mummy
  7182 | D        | Noticed a greater mummy
  7182 | D        | Noticed a greater mummy
  7182 | D        | Noticed a greater mummy
  7202 | D        | Killed a greater mummy
  7203 | D        | Noticed a greater mummy
  7210 | D        | HP: 10/219 [greater mummy/divine providence (14)]
  7224 | D        | Killed a greater mummy
  7233 | D        | Killed a greater mummy
  7246 | D        | Killed a greater mummy
  7266 | D        | Killed a greater mummy
  7299 | D        | Killed a greater mummy
  7307 | D        | Got a golden rune of Zot
  7376 | D        | Gained mutation: Armour fits poorly on your strangely shaped body. [a neqoxec]
  7381 | D        | Got an abyssal rune of Zot
  7382 | D        | Lost mutation: Your muscles are strong. (Str +2) [potion of mutation]
  7382 | D        | Lost mutation: You are frail. (-10% HP) [potion of mutation]
  7382 | D        | Lost mutation: Armour fits poorly on your strangely shaped body. [potion of mutation]
  7382 | D        | Gained mutation: You are robust. (+10% HP) [potion of mutation]
  7382 | D        | Gained mutation: You have supernaturally acute eyesight. (SInv) [potion of mutation]
  7529 | D        | Noticed Geryon
  7547 | D        | Killed Geryon
  7558 | D        | Noticed Ereshkigal
  7558 | D        | Noticed Mnoleg
  7559 | D        | Noticed Antaeus
  7571 | D        | Noticed Gloorx Vloq
  7600 | D        | HP: 5/268 [Antaeus (18)]
  7605 | D        | Killed from afar by Antaeus

Vault maps used:
D:        linesprint

Skill      XL: |  1  2  3  4  5  6  7  8  9 10 11 12 13 14 15 16 17 18 19 20 21 |
---------------+----------------------------------------------------------------+-----
Long Blades    | 4 8 10 12 13 14 16 17 18 20 21 23 24 27 | 27.0
Fighting       | 3 4 6 7 9 10 13 15 17 19 21 25 27 | 27.0
Armour         | 4 6 8 9 10 11 13 14 15 17 18 20 27 | 27.0
Shields        | 4 5 7 8 10 11 14 16 19 22 26 27 | 27.0
Dodging        | 1 2 4 6 7 9 10 11 19 27 | 27.0
Unarmed Combat | 14 25 27 | 27.0
Invocations    | 18 27 | 27.0
Throwing       | 14 19 | 19.1
Stealth        | 19 25 | 25.2
Spellcasting   | 13 17 | 17.8
Evocations     | 19 25 | 25.2

Action                   |  1- 3 |  4- 6 |  7- 9 | 10-12 | 13-15 | 16-18 | 19-21 || total
-------------------------+-------+-------+-------+-------+-------+-------+-------++-------
Melee: Long sword        |    16 |    25 |       |       |       |       |       ||    41
       Demon blade       |       |    10 |    78 |   352 |   876 |  1049 |   993 ||  3358
 Abil: Heal Wounds       |       |     1 |       |     1 |       |       |    53 ||    55
  Use: Potion            |     1 |       |       |       |       |     4 |     8 ||    13
       Scroll            |       |       |       |       |       |    11 |     2 ||    13
  Eat: Ration            |       |     1 |       |       |       |       |     2 ||     3
       Chunk             |       |       |       |     4 |     6 |     9 |     4 ||    23
Armor: Scale mail        |     4 |     3 |       |       |       |       |       ||     7
       Ring mail         |       |     3 |     8 |       |       |       |       ||    11
       Chain mail        |       |       |     4 |    78 |    78 |       |       ||   160
       Plate armour      |       |       |       |       |   128 |    87 |       ||   215
       Gold dragon scale |       |       |       |       |       |    40 |   122 ||   162
Dodge: Dodged            |     7 |     8 |     6 |    30 |   119 |   129 |   155 ||   454
Block: Shield            |     5 |    11 |    22 |    77 |       |       |       ||   115
       Large shield      |       |       |       |    67 |   743 |   820 |   955 ||  2585
       Rpst.: Long sword |     3 |     2 |       |       |       |       |       ||     5
       Demon blade       |       |     1 |     2 |     8 |    11 |    12 |    16 ||    50

Table legend:
 A = Spawn XP
 B = Non-spawn XP
 C = Spawn XP percentage of total XP
 D = Spawn monster count
 E = Non-spawn monster count
 F = Spawn count percentage of total count
 G = Total turns spent on level
                    A         B        C        D         E        F      G
               +---------+---------+-------+---------+---------+-------+---------
         Total |       0 |  666127 |   0.0 |       0 |     515 |   0.0 |  7605
               +---------+---------+-------+---------+---------+-------+---------
             D |       0 |  666127 |   0.0 |       0 |     515 |   0.0 |  7605
               +---------+---------+-------+---------+---------+-------+---------
